 Dungeon Crawl Stone Soup version 0.14-a0-2848-g1d0399b (webtiles) character file.

833 Junicave the Geomancer (level 7, 13/36 HPs)
             Began as a Gargoyle Earth Elementalist on Feb 27, 2014.
             Starved to death
             ... on Level 5 of the Dungeon.
             The game lasted 00:47:24 (4454 turns).

Junicave the Geomancer (GrEE)                       Turns: 4454, Time: 00:47:25

HP  13/36        AC  8     Str 11      XL: 7   Next: 50%
MP  12/12        EV 12     Int 18      God:
Gold 194         SH  0     Dex 10      Spells:  4 memorised,  0 levels left

rFire  . . .     SeeInvis .     g - +1,-3 spear (venom)
rCold  . . .     Clarity  .     x - +2 robe {MR+}
rNeg   + . .     Conserve .     (no shield)
rPois  +         rCorr    .     (no helmet)
rElec  +         rRot     +     G - -1 cloak (curse)
SustAb . .       Spirit   .     (no gloves)
rMut   .         Warding  .     (no boots)
Saprov . . .     Stasis   .     (no amulet)
MR     +....                    o - ring of wizardry
                                B - cursed ring of teleport control

@: somewhat resistant to hostile enchantments, fairly stealthy
A: life protection 1, electricity resistance, unbreathing, petrification
resistance, AC +4
a: Evoke Teleport Control


You were on level 5 of the Dungeon.
You were starving.

You visited 1 branch of the dungeon, and saw 6 of its levels.

You collected 194 gold pieces.

Inventory:

Hand weapons
 g - a +1,-3 spear of venom (weapon)
 r - a +2,+1 whip of freezing
 K - a +0,+0 crossbow
Missiles
 b - 115 stones (quivered)
 n - 43 arrows
 t - 30 poisoned needles
Armour
 c - a +0 robe
 i - a +0 robe
 l - a +0 leather armour
 s - a +0 orcish leather armour
 v - a +0 leather armour
 w - a +0 orcish leather armour
 x - a +2 robe of magic resistance (worn)
 y - a +0 leather armour of cold resistance
 A - a +0 animal skin
 F - a +0 robe
 G - a cursed -1 cloak (worn)
Magical devices
 I - a wand of cold (3) {unknown}
Comestibles
 a - 4 bread rations
Scrolls
 f - 5 scrolls of identify {unknown}
 j - 5 scrolls of remove curse {unknown}
 k - a scroll of fear {unknown}
 p - 2 scrolls of fog {unknown}
 q - 4 scrolls of immolation {unknown}
 u - 5 scrolls of teleportation {unknown}
 C - 2 scrolls of random uselessness {unknown}
 E - a scroll of magic mapping {unknown}
 J - a scroll of blinking {unknown}
Jewellery
 o - a ring of wizardry (right hand)
 B - a cursed ring of teleport control (left hand)
Potions
 e - 5 potions of curing
 h - a potion of restore abilities {unknown}
 m - a potion of flight {unknown}
 z - a potion of heal wounds {unknown}
 D - a potion of brilliance {unknown}
Books
 d - a book of Geomancy

   Spells                             Type                      Level
   *Sandblast                         Earth                        1
   *Stoneskin                         Transmutation/Earth          2
   Passwall                           Transmutation/Earth          3
   *Stone Arrow                       Conjuration/Earth            3
   *Petrify                           Transmutation/Earth          4
   Lee's Rapid Deconstruction         Earth                        5
 H - a Grand Grimoire {highlevel, unknown}

   This book is beyond your current level of understanding.

   Spells                             Type                      Level
   Demonic Horde                      Summoning                    6
   Mass Abjuration                    Summoning                    6
   Haunt                              Necromancy/Summoning         7
   Summon Greater Demon               Summoning                    7
   Malign Gateway                     Summoning/Translocation      7
   Summon Horrible Things             Summoning                    8


   Skills:
 + Level 1.5 Dodging
 + Level 3.3 Stealth
 + Level 2.1 Spellcasting
 - Level 0.7 Transmutations
 + Level 9.7 Earth Magic


You couldn't memorise any spells.
You knew the following spells:

 Your Spells              Type           Power        Failure   Level  Hunger
a - Sandblast             Erth           #####.       1%          1    #......
b - Petrify               Trmt/Erth      ###.....     10%         4    #####..
c - Stoneskin             Trmt/Erth      ###.......   1%          2    ##.....
d - Stone Arrow           Conj/Erth      ###...       4%          3    ####...


Dungeon Overview and Level Annotations

Branches:
Dungeon (6/16)
 Temple: D:4-7

Altars:
Makhleb

Annotations:
D:3 exclusion: 3 downstairs
D:4 exclusions: orc priest and orc wizard, Duralumin's ghost, average GrMo
D:6 Blork the orc


Innate Abilities, Weirdness & Mutations

You are resistant to torment.
You are immune to poison.
Your stone body is very resilient (AC +4).
You resist negative energy.
You are resistant to electric shocks.
You can survive without breathing.
You are immune to petrification.


Message History

The acid corrodes your +1,-1 spear of venom!
The jelly is lightly wounded.
The jelly barely misses you.
You hit the jelly but do no damage.
The acid corrodes your +1,-2 spear of venom!
The jelly is lightly wounded.
The jelly closely misses you. The jelly hits you.
You are splashed with acid!
The acid burns!
You spend a moment contemplating the meaning of existence.
You hear a slurping noise.
You lose consciousness!
The jelly completely misses you. The jelly hits you but does no damage.
The jelly hits you.
You are splashed with acid!
The acid corrodes your cursed +0 cloak!
The acid burns!
The jelly hits you but does no damage.
You can move again.
The goblin shoots a stone.
The stone hits you!
You have starved to death.
You die...

#.(.....#..........
###...###############
#####............
.....#.....###############
......#.....# #............
.......#.)...# #.##########.
........#.....###.#........#.
........#.....##....####.####
....(.......@..#..### #.#
.............J..#..# #.###.
................#..######.....
..#######.......####.(...#####
+.......g(.(..........
#.......####/....#####
#####...# +.....# #...#
#.....# #...# #.....#


You could see a jelly and a goblin.

Vanquished Creatures
  Pikel (D:3)
  2 slaves (D:3)
  A hound (D:3)
  Ijyb (D:1)
  Jessica (D:3)
  An adder (D:2)
  4 worms
  An iguana zombie (D:6)
  A giant eyeball (D:4)
  3 giant geckos
  An ooze (D:1)
  4 orcs (D:3)
  5 giant cockroaches
  7 goblins
  11 hobgoblins
  3 jackals (D:1)
  9 kobolds
  7 bats
  4 giant newts
  6 rats
  A rat skeleton (D:4)
74 creatures vanquished.

Notes
Turn   | Place    | Note
--------------------------------------------------------------
     0 | D:1      | Junicave, the Gargoyle Earth Elementalist, began the quest for the Orb.
     0 | D:1      | Reached XP level 1. HP: 10/10 MP: 3/3
   158 | D:1      | Reached skill level 4 in Earth Magic
   177 | D:1      | Reached XP level 2. HP: 7/15 MP: 4/4
   630 | D:2      | Reached XP level 3. HP: 19/19 MP: 6/6
   665 | D:2      | Noticed Ijyb
   742 | D:1      | Killed Ijyb
   742 | D:1      | Reached skill level 5 in Earth Magic
  1055 | D:2      | Reached XP level 4. HP: 15/24 MP: 3/7
  1539 | D:3      | Learned a level 4 spell: Petrify
  1744 | D:3      | Noticed Jessica
  1914 | D:3      | Killed Jessica
  1979 | D:3      | Reached skill level 6 in Earth Magic
  2046 | D:3      | Reached XP level 5. HP: 24/28 MP: 9/9
  2209 | D:3      | Found a burning altar of Makhleb.
  2500 | D:4      | Noticed a slave
  2509 | D:4      | Paralysed by a giant eyeball for 4 turns
  2575 | D:3      | Killed a slave
  2809 | D:4      | Noticed a slave
  2809 | D:4      | Noticed a slave
  2817 | D:4      | Noticed Pikel
  2921 | D:3      | Killed a slave
  3010 | D:4      | Noticed a slave
  3149 | D:3      | Killed Pikel
  3149 | D:3      | Reached skill level 9 in Earth Magic
  3149 | D:3      | Reached XP level 6. HP: 8/32 MP: 3/10
  3149 | D:3      | Reached XP level 7. HP: 9/36 MP: 3/12
  3171 | D:3      | Learned a level 2 spell: Stoneskin
  3175 | D:3      | Learned a level 3 spell: Stone Arrow
  3599 | D:4      | Noticed Duralumin's ghost (average GrMo)
  3949 | D:3      | You fall through a shaft!
  4017 | D:6      | Noticed Blork the orc
  4256 | D:5      | Entered Level 5 of the Dungeon
  4454 | D:5      | Starved to death

Action                   |  1- 3 |  4- 6 |  7- 9 || total
-------------------------+-------+-------+-------++-------
Melee: Spear             |   122 |   130 |    80 ||   332
 Cast: Sandblast         |    12 |    29 |     7 ||    48
       Petrify           |       |    10 |     3 ||    13
       Stone Arrow       |       |       |     4 ||     4
       Stoneskin         |       |       |     4 ||     4
  Use: Potion            |       |     1 |       ||     1
 Stab: Sleeping          |       |     2 |       ||     2
       Distracted        |       |     1 |       ||     1
       Petrified         |       |     2 |       ||     2
